 Dungeon Crawl Stone Soup version 0.27-b1-41-gafb5482f4b (webtiles) character file.

Game seed: 12424563451987499186

66 hawla the Sneak (level 3, -6/22 HPs)
             Began as a Deep Elf Delver on July 28, 2021.
             Mangled by Natasha (7 damage)
             ... on level 2 of the Dungeon.
             The game lasted 00:07:25 (2864 turns).

hawla the Sneak (Deep Elf Delver)                   Turns: 2864, Time: 00:07:26

Health: -6/22      AC:  4    Str:  8 (9)  XL:     3   Next: 96%
Magic:  7/7        EV: 12    Int: 16 (17) God:
Gold:   75         SH:  0    Dex: 11 (14) Spells: 5/5 levels left

rFire    . . .     SeeInvis .   a - +0 short sword
rCold    + . .     Faith    .   (no shield)
rNeg     . . .     Spirit   .   i - +0 robe
rPois    .         Reflect  .   (no helmet)
rElec    .         Harm     .   (no cloak)
rCorr    .         Rampage  .   f - +0 pair of gloves
Will     .....     Clarity  +   j - +0 pair of boots
Stlth    +++.......             (no amulet)
HPRegen  0.07/turn              b - ring of wizardry
MPRegen  0.10/turn              (no ring)

@: brilliant
A: clarity, clever 1, clumsy 1, cold resistance 1
a: no special abilities


You were on level 2 of the Dungeon.
You visited 1 branch of the dungeon, and saw 5 of its levels.

You collected 157 gold pieces.
You spent 82 gold pieces at shops.

Inventory:

Hand Weapons
 a - a +0 short sword (weapon)
Missiles
 e - 25 poisoned darts (quivered)
Armour
 f - a +0 pair of gloves (worn)
 i - a +0 robe (worn)
 j - a +0 pair of boots (worn)
Jewellery
 b - a ring of wizardry (left hand)
Wands
 g - a wand of digging (3)
Scrolls
 c - a scroll of fog
 d - a scroll of magic mapping
 m - a scroll of teleportation
Potions
 h - a potion of flight


   Skills:
 + Level 2.8 Fighting
 + Level 2.6 Short Blades
 + Level 0.7 Throwing
 + Level 3.1 Dodging
 - Level 6.0 Stealth
 + Level 1.9 Spellcasting
 - Level 1.0 Evocations


You had 5 spell levels left.
You didn't know any spells.
Your spell library contained the following spells:

 Spells                   Type           Power      Damage    Failure   Level
 Dazzling Flash           Conj/Hex       4%         N/A       26%         3
 Iskenderun's Mystic Bla  Conj/Tloc      2%         2d3       61%         4
 Starburst                Conj/Fire      1%         8x6d3     100%        6


Dungeon Overview and Level Annotations

Branches:
Dungeon (5/15)
 Temple: D:4-7

Altars:

Shops:
D:1 [[[(?

Annotations:
D:2 Natasha


Innate Abilities, Weirdness & Mutations

You possess an exceptional clarity of mind.
Your mind is acute. (Int +2)
You are clumsy. (Dex -2)
Your flesh is cold resistant. (rC+)


Message History

Natasha claws you but does no damage.
You hit Natasha but do no damage.
Natasha is heavily wounded.
Natasha claws you but does no damage.
You hit Natasha.
Natasha is heavily wounded.
Natasha claws you but does no damage.
You closely miss Natasha.
Natasha is heavily wounded.
Natasha claws you.
You hit Natasha but do no damage.
Natasha is heavily wounded.
Natasha closely misses you.
You hit Natasha but do no damage.
Natasha is heavily wounded.
Natasha closely misses you.
You barely miss Natasha.
Natasha is heavily wounded.
Natasha closely misses you.
You hit Natasha but do no damage.
Natasha is heavily wounded.
Natasha claws you!
You closely miss Natasha.
Natasha is heavily wounded.
Natasha howls an incantation.
Natasha shimmers violently.
Natasha stares at you and mumbles some strange words.
You resist with some effort.
You hit Natasha but do no damage.
Natasha is heavily wounded.
Natasha claws you!
* * * LOW HITPOINT WARNING * * *
Okay, then.
You feel clever all of a sudden. Natasha claws you.
* * * LOW HITPOINT WARNING * * *
You barely miss Natasha.
Natasha is heavily wounded.
Natasha claws you!
You die...

#.###.#.#.#.# #..#
##.###.#.#.#.###.## .#
#....<.#.#.#.##$..###...#
#.(#####.#......#.....?.#
#..#####.###.##...###(.##
#........# #†###.## .#
#.######## #.# #.# #.#
#.# #.# #.# #.# #@# #.#
#....h......[ #.#
#####.#...... #.##
#.####... #..# #.? ..
##.# ### #.# #.# #####
#.#########...#


You could see Natasha.

Vanquished Creatures
  An adder (D:2)
  4 dart slugs (D:1)
  7 endoplasms
  2 giant cockroaches
  4 goblins
  5 hobgoblins
  3 jackals (D:1)
  2 kobolds (D:1)
  2 quokkas (D:1)
  A ball python (D:1)
  6 bats
  4 frilled lizards
  2 rats
43 creatures vanquished.

Notes
Turn   | Place    | Note
-------+----------+-------------------------------------------
     0 | D:5      | hawla the Deep Elf Delver began the quest for the Orb.
     0 | D:5      | Reached XP level 1. HP: 13/13 MP: 3/3
   305 | D:2      | Reached XP level 2. HP: 18/18 MP: 5/5
   379 | D:2      | Reached skill level 1 in Spellcasting
   448 | D:2      | Noticed Natasha
   453 | D:2      | Reached skill level 1 in Evocations
   460 | D:2      | Gained mutation: Your mind is acute. (Int +2) [potion of
                  | mutation]
   460 | D:2      | Gained mutation: You possess an exceptional clarity of
                  | mind. [potion of mutation]
   460 | D:2      | Gained mutation: You are clumsy. (Dex -2) [potion of
                  | mutation]
   460 | D:2      | Gained mutation: Your flesh is cold resistant. (rC+)
                  | [potion of mutation]
   462 | D:2      | Noticed a crimson imp
   826 | D:1      | Reached XP level 3. HP: 22/22 MP: 7/7
   894 | D:1      | Found Otralow's Armour Shop.
   902 | D:1      | Bought a +0 robe for 7 gold pieces
  1127 | D:1      | Found Ishruc's Antique Armour Boutique.
  1474 | D:1      | Found Nuafrei's Magic Scroll Boutique.
  1485 | D:1      | Bought a scroll of identify for 20 gold pieces
  1485 | D:1      | Bought a scroll of noise for 10 gold pieces
  1679 | D:1      | Found Bolinodd's Armour Emporium.
  1800 | D:1      | Found a faded altar of an unknown god.
  1947 | D:1      | You fall into a shaft and drop 1 floor!
  2552 | D:1      | Found Jami's Antique Weapon Shoppe.
  2745 | D:1      | Bought a +0 pair of gloves for 45 gold pieces
  2863 | D:2      | HP: 1/22 [Natasha (3)]
  2864 | D:2      | Mangled by Natasha

Illustrated notes

Levels and vault maps discovered:
D:1:      dpeg_arrival_fog, layout_loops_corners, serial_shops, shop,
          nicolae_shop_crystal, nicolae_shop_behind_doors, shop_statue,
          nicolae_lakefront_shop, hellmonk_ecumenical_altar_inner_sanctum
D:2:      layout_loops_ring, uniq_natasha, uniq_robin
D:3:      layout_loops_ring
D:4:      layout_rooms, gammafunk_ghost_mausoleum
D:5:      layout_cave_pods, kennysheep_generic_room_5

Skill      XL: |  1  2  3 |
---------------+----------+-----
Spellcasting   | 1 |  1.9
Evocations     | 1 |  1.0
Dodging        | 3 |  3.1
Fighting       | |  2.8
Short Blades   | |  2.6
Throwing       | |  0.7
Stealth        | |  6.0

Action                   || total
-------------------------++-------
Melee: Short sword       ||   178
Throw: Dart              ||     8
  Use: Potion            ||     7
       Scroll            ||     3
 Stab: Sleeping          ||    19
       Distracted        ||     1
Armor: Leather armour    ||    10
       Robe              ||    32
Dodge: Dodged            ||   120
